 Dungeon Crawl Stone Soup version 0.31.0-9-g3a7656b989 (webtiles) character file.

Game seed: 9248500090114446361

170 qw the Shooter (level 5, -4/41 HPs)
             Began as a Demigod Hunter on Feb 2, 2024.
             Slain by Ijyb
             ... wielding a +7 club
              (7 damage)
             ... on level 5 of the Dungeon.
             The game lasted 00:00:10 (2390 turns).

qw the Shooter (Demigod Hunter)                     Turns: 2390, Time: 00:00:11

Health: -4/41      AC:  6    Str: 11 (12) XL:     5   Next: 5%
Magic:  7/7        EV: 11    Int: 11      God:
Gold:   133        SH:  0    Dex: 21      Spells: 4/4 levels left

rFire   . . .        a - +1 shortbow
rCold   . . .        (shield currently unavailable)
rNeg    . . .        e - +0 ring mail
rPois   .            (no helmet)
rElec   .            j - +0 cloak
rCorr   .            (no gloves)
SInv    .            (no boots)
Will    .....        (no amulet)
Stlth   +            (no ring)
HPRegen 0.26/turn    (no ring)
MPRegen 0.10/turn

%: no passive effects
@: about to teleport
A: high MP 1, forlorn, divine attributes
a: no special abilities


You were on level 5 of the Dungeon.
You visited 1 branch of the dungeon, and saw 4 of its levels.

You collected 133 gold pieces.


Innate Abilities, Weirdness & Mutations

You have an increased reservoir of magic. (+10% MP)
You shall have no god before yourself.
Your divine heritage dramatically boosts your attributes as you level up.


   Skills:
 - Level 2.0 Fighting
 + Level 5.5 Ranged Weapons
 - Level 1.0 Armour
 - Level 2.3 Dodging
 - Level 0.8 Stealth


You had 4 spell levels left.
You didn't know any spells.
Your spell library was empty.

Inventory:

Hand Weapons
 a - a +1 shortbow (weapon)
Armour
 e - a +0 ring mail (worn)
 f - a +0 helmet
 j - a +0 cloak (worn)
Jewellery
 c - a ring of poison resistance
Scrolls
 b - a scroll of identify
 h - 4 scrolls of teleportation
 l - a scroll of immolation {unknown}
Potions
 d - a potion of curing
 i - a potion of haste {unknown}
 k - a potion of invisibility {unknown}
 p - a potion of lignification {unknown}
 q - a potion of berserk rage {unknown}

Dungeon Overview and Level Annotations

Branches:
Dungeon (5/15)
 Temple: D:4-7

Annotations:
D:3 2 transporters
D:5 Ijyb


Message History

You shoot an arrow. The arrow hits Ijyb but does no damage.
Ijyb shouts!
You shoot an arrow. The arrow hits Ijyb but does no damage.
Ijyb zaps a wand.
The mass of ice explodes!
The iceblast engulfs you!!
You shoot an arrow. The arrow closely misses Ijyb.
You shoot an arrow. The arrow closely misses Ijyb.
Ijyb hits you but does no damage. Ijyb hits you with a +7 club.
You shoot an arrow. The arrow hits Ijyb.
Ijyb is lightly wounded.
Ijyb misses you.
You shoot an arrow. The arrow hits Ijyb but does no damage.
Ijyb is lightly wounded.
Ijyb hits you with a +7 club.
You shoot an arrow. The arrow barely misses Ijyb.
Ijyb misses you. Ijyb hits you but does no damage.
You shoot an arrow. The arrow hits Ijyb!
Ijyb is heavily wounded.
An iguana comes into view.
Ijyb misses you.
You shoot an arrow. The iguana hisses angrily.
The arrow hits Ijyb!
Ijyb is almost dead.
Ijyb hits you with a +7 club.
2387 ||| READING 5 scrolls of teleportation.
As you read the scroll of teleportation, it crumbles to dust.
You feel strangely unstable. Ijyb misses you.
2388 ||| DRINKING potion of heal wounds.
You feel much better. Ijyb hits you with a +7 club!
You shoot an arrow. The arrow hits Ijyb but does no damage.
Ijyb is almost dead.
Ijyb hits you with a +7 club!
You shoot an arrow. The arrow hits Ijyb but does no damage.
Ijyb is almost dead.
Ijyb hits you with a +7 club.
The iguana hisses menacingly.
Ijyb hits you with a +7 club!
You die...

...###### .....lg.#
#.#### #@# #.##.###.#
#.#.#.##.# #.#
#..###...# #.#
#.#.#.#..##
###.#####.##[#....##
#.......#.##.#.......
#.................###
#.#.##...###.#..#.#


You could see Ijyb and an iguana.

Vanquished Creatures
  An iguana (D:5)
  Terence (D:3)
  3 adders
  2 dart slugs
  2 ribbon worms
  3 bats
  7 endoplasms
  6 giant cockroaches
  6 goblins
  8 hobgoblins
  13 jackals
  2 kobolds
  6 quokkas
  6 ball pythons
  A frilled lizard (D:2)
  6 rats
73 creatures vanquished.

Notes
Turn   | Place    | Note
-------+----------+-------------------------------------------
     0 | D:1      | qw the Demigod Hunter began the quest for the Orb.
     0 | D:1      | Reached XP level 1. HP: 17/17 MP: 3/3
     0 | D:1      | 0 ||| qw: Version: 0.3-a-155-g5e7d8dd
     0 | D:1      | 0 ||| qw: Game counter: 80
     0 | D:1      | 0 ||| qw: Melee chars always use a shield: true
     0 | D:1      | 0 ||| qw: God list: Okawaru
     0 | D:1      | 0 ||| qw: Allow faded altars: false
     0 | D:1      | 0 ||| qw: Do Orc after clearing Dungeon:15 true
     0 | D:1      | 0 ||| qw: Do second Lair branch before Depths: true
     0 | D:1      | 0 ||| qw: Lair rune preference: random
     0 | D:1      | 0 ||| qw: Goals: Normal
     0 | D:1      | 0 ||| PLANNING D:1-11
    74 | D:1      | Reached skill level 4 in Ranged Weapons
   102 | D:1      | HP: 4/17 [jackal (3)]
   103 | D:1      | Reached XP level 2. HP: 6/24 MP: 4/4
   114 | D:1      | HP: 5/24 [jackal (2)]
   571 | D:1      | Reached XP level 3. HP: 29/29 MP: 5/5
   604 | D:1      | 604 ||| UPGRADING to +0 ring mail.
   614 | D:1      | 614 ||| DROPPING +0 leather armour.
   615 | D:1      | 615 ||| UPGRADING to +0 cloak.
   620 | D:1      | 620 ||| READING scroll labelled ZOL BAGEYNUO.
   620 | D:1      | 620 ||| ENCHANTING +0 shortbow.
   621 | D:1      | 621 ||| READING 2 scrolls labelled ESHROS UCKI.
   626 | D:1      | 626 ||| DRINKING 2 sedimented coppery potions.
   627 | D:1      | 627 ||| DROPPING scroll of butterflies.
   628 | D:1      | 628 ||| DROPPING potion of degeneration.
   805 | D:2      | Reached skill level 1 in Armour
  1413 | D:2      | 1413 ||| DROPPING ring of magical power.
  1414 | D:2      | 1414 ||| READING scroll labelled ATIMPAOTOE.
  1414 | D:2      | 1414 ||| IDENTIFYING coppery potion
  1415 | D:2      | 1415 ||| READING scroll labelled JIPTIV HUREN.
  1416 | D:2      | 1416 ||| READING scroll labelled DEASAG VETOYMM.
  1417 | D:2      | 1417 ||| READING 4 scrolls labelled GOANLI LUS.
  1418 | D:2      | 1418 ||| READING scroll labelled SYAKKOE EGUTUN.
  1419 | D:2      | 1419 ||| READING scroll labelled YNURGH SOXTA.
  1420 | D:2      | 1420 ||| DRINKING 2 smoky coppery potions.
  1421 | D:2      | 1421 ||| DROPPING 3 scrolls of blinking.
  1423 | D:2      | 1423 ||| Stepping ~*~*~tactically~*~*~ (cloud).
  1600 | D:3      | Reached XP level 4. HP: 36/36 MP: 6/6
  1610 | D:3      | Reached skill level 5 in Ranged Weapons
  1640 | D:3      | Noticed Terence
  1647 | D:3      | Killed Terence
  1809 | D:3      | Found a transporter.
  1809 | D:3      | Noticed a kobold brigand
  1819 | D:3      | Found a transporter.
  2258 | D:3      | You fall into a shaft and drop 2 floors!
  2258 | D:5      | Entered Level 5 of the Dungeon
  2279 | D:5      | Reached XP level 5. HP: 22/41 MP: 7/7
  2377 | D:5      | Noticed Ijyb
  2386 | D:5      | HP: 9/41 [Ijyb/+7 club (5)]
  2387 | D:5      | 2387 ||| READING 5 scrolls of teleportation.
  2388 | D:5      | 2388 ||| DRINKING potion of heal wounds.
  2390 | D:5      | HP: 3/41 [Ijyb/+7 club (2)]
  2390 | D:5      | Slain by Ijyb

Levels and vault maps discovered:
D:1:      dpeg_arrival_oval, layout_rooms, minmay_distorted
D:2:      minmay_chambers_of_twos, layout_loops_ring, minmay_goblin_kobold_house
D:3:      layout_basic, gammafunk_ghost_abyssal_escape,
          shapermc_ecumenical_altar_pompeii, uniq_terence
D:5:      layout_loops_corners, minivault_24, minmay_shop_enchanted_jewellery,
          uniq_ijyb

Skill      XL: |  1  2  3  4 |
---------------+-------------+-----
Ranged Weapons | 4 5 |  5.5
Fighting       | 2 |  2.0
Armour         | 1 |  1.0
Dodging        | 2 |  2.3
Stealth        | |  0.8

Action                     |  1- 3 |  4- 6 || total
---------------------------+-------+-------++-------
   Fire: Shortbow          |   169 |    71 ||   240
    Use: Scroll            |     8 |     1 ||     9
         Potion            |     2 |     1 ||     3
 Armour: Leather armour    |    35 |       ||    35
         Ring mail         |    29 |    31 ||    60
  Dodge: Dodged            |    64 |    28 ||    92

Table legend:
 A = Non-vault XP
 B = Vault XP
 C = Vault XP percentage of total XP
 D = Non-vault monster count
 E = Vault monster count
 F = Vault count percentage of total count
                 A         B        C        D         E       F
            +---------+---------+-------+---------+---------+-------
      Total |     184 |      60 |  24.6 |      61 |      12 |  16.4
            +---------+---------+-------+---------+---------+-------
        D:1 |      44 |       4 |   8.3 |      24 |       2 |   7.7
        D:2 |      45 |      20 |  30.8 |      19 |       9 |  32.1
        D:3 |      56 |      36 |  39.1 |      17 |       1 |   5.6
        D:5 |      39 |       0 |   0.0 |       1 |       0 |   0.0
            +---------+---------+-------+---------+---------+-------
